 Dungeon Crawl Stone Soup version 0.23.2-40-g277498a001 (webtiles) character file.

Game seed: 8240685063041944909

3168 Iskender the Destroyer (level 9, -5/56 HPs)
             Began as an Octopode Chaos Knight on Oct 19, 2019.
             Was a Plaything of Xom.
             Slain by a chaos spawn (9 damage)
             ... summoned by Xom
             ... while paralysed by a chaos spawn
             ... on level 7 of the Dungeon on Oct 21, 2019.
             The game lasted 00:53:39 (7623 turns).

Iskender the Destroyer (Octopode Chaos Knight)      Turns: 7623, Time: 00:53:40

Health: -5/56      AC:  2    Str: 11    XL:     9   Next: 94%
Magic:  13/13      EV:  2    Int: 15    God:    Xom [......]
Gold:   2369       SH:  0    Dex: 16    Spells: 8/14 levels left

rFire    . . .     SeeInvis .   a - +1 spear (venom)
rCold    . . .     Gourm    .   (no shield)
rNeg     . . .     Faith    .   (helmet restricted)
rPois    +         Spirit   .   E - amulet of regeneration
rElec    +         Reflect  .   n - +4 ring of evasion
rCorr    .         Harm     .   (no ring)
MR       .....                  (no ring)
Stlth    ++++......             (no ring)
HPRegen  0.58/turn              (no ring)
MPRegen  0.13/turn              (no ring)
                                (no ring)
                                (no ring)

@: paralysed
A: almost no armour, stealthy swim, amphibious, 8 rings, constrict 8, antennae
2, camouflage 1, agile 1, poison resistance, shaggy fur 1, electricity
resistance, gelatinous body 1
a: Renounce Religion


You were on level 7 of the Dungeon.
You worshipped Xom.
You were a very special plaything of Xom.
You were not hungry.

You visited 2 branches of the dungeon, and saw 9 of its levels.
You also visited: Sewer.

You collected 2369 gold pieces.

Inventory:

Hand Weapons
 a - a +1 spear of venom (weapon)
 b - a +0 longbow
 i - a +0 trident
 o - a +0 halberd
 A - a +1 lajatang
 L - a +0 hunting sling
Missiles
 c - 37 sling bullets
 d - 53 stones (quivered)
 l - 33 poisoned needles
 z - 5 curare-tipped needles
 N - 83 arrows
Magical Staves
 y - an uncursed staff of death
 M - an uncursed staff of fire
Jewellery
 n - a +4 ring of evasion (left tentacle)
 E - an amulet of regeneration (around mantle)
Wands
 f - a wand of random effects (22)
 K - a wand of iceblast (14)
 O - a wand of paralysis (8)
Scrolls
 e - a scroll of identify
 k - 2 scrolls of fear
 m - 4 scrolls of enchant weapon
 q - 2 scrolls of teleportation
 v - a scroll of amnesia
 B - 6 scrolls of remove curse
 C - a scroll of summoning {unknown}
 D - 2 scrolls of fog {unknown}
 G - a scroll of blinking
 H - 2 scrolls of magic mapping
 I - a scroll of noise {unknown}
Potions
 g - 3 potions of haste
 h - a potion of agility
 j - 5 potions of curing {unknown}
 p - 6 potions of flight
 r - a potion of magic
 s - a potion of lignification
 t - a potion of might
 w - a potion of berserk rage
 x - a potion of heal wounds {unknown}
 F - 2 potions of mutation {unknown}
Comestibles
 u - 24 rations
 J - 7 chunks of flesh


   Skills:
 - Level 3.0 Fighting
 - Level 7.0 Polearms
 - Level 7.0 Dodging
 - Level 4.2 Stealth
 - Level 3.0 Spellcasting
 + Level 8.0 Conjurations
 - Level 3.3 Hexes


You had 8 spell levels left.
You knew the following spells:

 Your Spells              Type           Power        Failure   Level  Hunger
a - Confuse               Hex            ##......     16%         3    ###....
C - Dazzling Spray        Conj/Hex       ###...       6%          3    ###....

Your spell library contained the following spells:

 Spells                   Type           Power        Failure   Level  Hunger
 Corona                   Hex            ##.....      4%          1    #......
 Ensorcelled Hibernation  Hex/Ice        #.....       16%         2    ##.....
 Tukima's Dance           Hex            ##......     16%         3    ###....
 Beastly Appendage        Tmut           #.....       21%         1    #......
 Sticks to Snakes         Tmut           #.......     30%         2    ##.....
 Spider Form              Tmut/Pois      #.........   52%         3    ###....
 Ice Form                 Ice/Tmut       #.......     89%         4    #####..
 Blade Hands              Tmut           #.........   99%         5    ######.


Dungeon Overview and Level Annotations

Branches:
Dungeon (8/15)             Temple (1/1) D:6
   Lair: D:8-11

Altars:
Ashenzari
Cheibriados
Dithmenos
Elyvilon
Fedhas
Gozag
Hepliaklqana
Kikubaaqudgha
Makhleb
Nemelex Xobeh
Okawaru
Qazlal
Ru
Sif Muna
Uskayaw
Vehumet
Wu Jian
Xom
Yredelemnul
Zin
The Shining One

Annotations:
D:3 Sigmund
D:4 exclusion: ogre
D:8 Joseph


Innate Abilities, Weirdness & Mutations

You cannot wear most types of armour.
You are very stealthy in the water. (Stealth+)
You are amphibious.
You can wear up to eight rings at the same time.
You can use your tentacles to constrict eight enemies at once.
Your skin changes colour to match your surroundings (Stealth+).
Your rubbery body absorbs attacks. (AC +1, EV +1)
You have a pair of antennae on your head.
You are agile. (Dex +2)
Your system is resistant to poisons. (rPois)
You are covered in fur. (AC +1)
You are resistant to electric shocks. (rElec)


Message History

You barely miss the chaos spawn. You squeeze the chaos spawn.
The chaos spawn is lightly wounded.
The chaos spawn completely misses you.
The shadow imp shouts, "Disclaim thyself, thou mewling onion-eyed guttersnipe!"
You closely miss the chaos spawn.
You squeeze the chaos spawn, but do no damage.
The chaos spawn is lightly wounded.
The chaos spawn hits you!
You suddenly lose the ability to move!
The iron imp grins evilly.
The chaos spawn hits you!!
The chaos spawn draws strength from your injuries!
The chaos spawn hits you.
* * * LOW HITPOINT WARNING * * *
You are engulfed in flames!
* * * LOW HITPOINT WARNING * * *
The chaos spawn gores you.
* * * LOW HITPOINT WARNING * * *
Xom is interested.
You are engulfed in flames!
You die...

..[.......#.# #..##.......# #.
..........#.# #..##.####### #.
..........#.######..##.# #.
..........'.........##.# #.
..........#..#####.###'#########.
..........##.## #.............#.
..........##..# #...).........#.
#########.###.####.............#.
#.# #...@455...........#. #.#
#..###5............#.
#.###...##.###...........
##'#......5....#.#######..
#....#.#.#...#.#.# #..
#....#....<..#.#.# #..
#....###.....#.#.#######..
#.......<....#.#.#........
#...#####....#.#...#####.#


You could see a chaos spawn, an iron imp, a crimson imp and a shadow imp.

Vanquished Creatures
  A hippogriff (D:7)
  4 hogs (D:7)
  A human (D:7)
  An ice beast (D:7)
  A sky beast (D:7)
  An orc warrior (D:7)
  An ogre (D:7)
  3 centaurs
  4 bullfrogs
  A scorpion (D:5)
  3 howler monkeys
  A crimson imp (D:8)
  A quasit (D:5)
  A bullfrog zombie (D:4)
  2 jellies
  3 orc priests
  2 centaur skeletons
  A bullfrog skeleton (D:6)
  2 iguanas
  2 merfolk sirens (Sewer)
  7 orc wizards
  10 worker ants
  A killer bee zombie (D:7)
  A hound skeleton (D:8)
  A worker ant zombie (D:8)
  Robin (D:3)
  4 gnolls
  8 adders
  3 river rats (Sewer)
  3 oozes
  An adder zombie (D:7)
  A worm (D:3)
  2 dart slugs
  7 leopard geckos
  15 orcs
  9 bats
  6 giant cockroaches
  13 goblins
  8 hobgoblins
  4 jackals
  3 quokkas
  5 ball pythons
  9 frilled lizards
  6 kobolds
  32 rats
196 creatures vanquished.

Vanquished Creatures (collateral kills)
  An ogre (D:5)
  An orc priest (D:4)
  A hound skeleton (D:5)
  A worm (D:5)
4 creatures vanquished.

Grand Total: 200 creatures vanquished

Notes
Turn   | Place    | Note
-------+----------+-------------------------------------------
     0 | D:1      | Iskender the Octopode Chaos Knight began the quest for the
                  | Orb.
     0 | D:1      | Reached XP level 1. HP: 16/16 MP: 1/1
    27 | D:1      | Reached skill level 1 in Stealth
    55 | D:1      | Reached XP level 2. HP: 21/21 MP: 2/2
   281 | D:1      | XOM: harmless Summ miscast
   309 | D:1      | XOM: harmless Air miscast
   396 | D:1      | Reached XP level 3. HP: 19/26 MP: 3/3
   423 | D:1      | XOM: divination: detect creatures
   530 | D:1      | XOM: harmless Chrm miscast
   682 | D:2      | XOM: harmless Fire miscast
  1360 | D:2      | XOM: give mutations
  1360 | D:2      | Gained mutation: You are dopey. (Int -2) [Xom's mischief]
  1360 | D:2      | Gained mutation: You are agile. (Dex +2) [Xom's mischief]
  1360 | D:2      | Gained mutation: Scrolls take you a little longer to read.
                  | [Xom's mischief]
  1409 | D:3      | Found a glowing drain.
  1437 | Sewer    | Entered a sewer
  1478 | Sewer    | XOM: butterfly on damage
  1483 | Sewer    | Reached XP level 4. HP: 15/31 MP: 4/4
  1903 | Sewer    | Reached XP level 5. HP: 10/36 MP: 5/5
  2124 | Sewer    | Noticed a malarious merfolk avatar
  2222 | Sewer    | XOM: god gift: 41 gold pieces
  2318 | Sewer    | XOM: 3-stop teleportation journey
  2830 | D:3      | Noticed Robin
  2888 | D:3      | Killed Robin
  2900 | D:3      | Reached skill level 5 in Dodging
  2974 | D:3      | XOM: harmless Pois miscast
  3033 | D:3      | XOM: silly message
  3253 | D:3      | XOM: mild Hex miscast
  3433 | D:2      | XOM: give mutations
  3433 | D:2      | Gained mutation: You occasionally shout uncontrollably at
                  | your foes. [Xom's mischief]
  3433 | D:2      | Gained mutation: Your body sometimes deteriorates upon
                  | taking damage. [Xom's mischief]
  3433 | D:2      | Lost mutation: You occasionally shout uncontrollably at
                  | your foes. [Xom's mischief]
  3433 | D:2      | Lost mutation: Scrolls take you a little longer to read.
                  | [Xom's mischief]
  3462 | D:3      | Reached XP level 6. HP: 26/42 MP: 6/6
  3479 | D:3      | XOM: 1-stop teleportation journey
  3497 | D:3      | XOM: enchant monster (bad)
  3630 | D:3      | XOM: stat loss: -1 Str (10/11)
  3673 | D:3      | XOM: scenery: create altars
  3781 | D:3      | XOM: god gift: 6 rations
  3805 | D:3      | XOM: god gift: leather armour {god gift}
  3833 | D:3      | Noticed Sigmund
  4005 | D:4      | XOM: give mutations
  4005 | D:4      | Gained mutation: You expend magic power (3 MP) to
                  | strengthen your wands. [Xom's grace]
  4005 | D:4      | Gained mutation: You have a pair of small antennae on your
                  | head. [Xom's grace]
  4005 | D:4      | Gained mutation: Your system is resistant to poisons.
                  | (rPois) [Xom's grace]
  4005 | D:4      | Gained mutation: You are covered in fur. (AC +1) [Xom's
                  | grace]
  4211 | D:4      | XOM: god gift: 1800 gold pieces
  4342 | D:4      | Reached XP level 7. HP: 41/46 MP: 7/7
  4383 | D:4      | XOM: cast spell 'Summon Ice Beast'
  4544 | D:5      | Entered Level 5 of the Dungeon
  4642 | D:5      | XOM: scenery: create altars
  4712 | D:5      | XOM: god gift: 47 gold pieces
  4803 | D:5      | XOM: enchant monster (good)
  4805 | D:5      | XOM: potion effect (invisibility)
  4816 | D:5      | Reached skill level 5 in Polearms
  4896 | D:5      | Reached XP level 8. HP: 52/52 MP: 8/8
  5001 | D:5      | XOM: summons 8 friendly demons
  5018 | D:5      | XOM: give mutations
  5018 | D:5      | Gained mutation: You have a pair of antennae on your head.
                  | [Xom's grace]
  5018 | D:5      | Gained mutation: You are resistant to electric shocks.
                  | (rElec) [Xom's grace]
  5227 | D:6      | Found a staircase to the Ecumenical Temple.
  5245 | Temple   | Entered the Ecumenical Temple
  5654 | D:6      | Learned a level 3 spell: Dazzling Spray
  5680 | D:6      | Reached skill level 1 in Conjurations
  5720 | D:6      | Reached skill level 1 in Spellcasting
  5720 | D:6      | Reached skill level 1 in Hexes
  5764 | D:6      | XOM: cloud trail
  5777 | D:6      | XOM: give mutations
  5777 | D:6      | Lost mutation: Your body sometimes deteriorates upon taking
                  | damage. [Xom's mischief]
  5777 | D:6      | Lost mutation: You are dopey. (Int -2) [Xom's mischief]
  5783 | D:6      | Learned a level 3 spell: Confuse
  5857 | D:6      | Reached skill level 2 in Conjurations
  6009 | D:6      | XOM: severe Erth miscast
  6039 | D:6      | XOM: give mutation
  6039 | D:6      | Lost mutation: You expend magic power (3 MP) to strengthen
                  | your wands. [Xom's mischief]
  6340 | D:7      | Reached XP level 9. HP: 42/56 MP: 12/12
  6505 | D:7      | Reached skill level 3 in Conjurations
  6580 | D:7      | Reached skill level 4 in Conjurations
  6931 | D:7      | Reached skill level 5 in Conjurations
  6942 | D:7      | Reached skill level 6 in Conjurations
  6947 | D:7      | XOM: enchant monster (good)
  6986 | D:7      | Reached skill level 7 in Conjurations
  7222 | D:8      | Noticed Joseph
  7572 | D:8      | XOM: summons 2 friendly demons
  7592 | D:7      | Reached skill level 8 in Conjurations
  7614 | D:7      | XOM: summons 4 hostile demons
  7620 | D:7      | Paralysed by a chaos spawn for 3 turns
  7623 | D:7      | Slain by a chaos spawn

Skill      XL: |  1  2  3  4  5  6  7  8  9 |
---------------+----------------------------+-----
Stealth        | 2 3 4 |  4.2
Dodging        | 3 4 5 6 7 |  7.0
Polearms       | 5 7 |  7.0
Conjurations   | 2 8 |  8.0
Spellcasting   | 2 3 |  3.0
Hexes          | 2 3 |  3.3
Fighting       | |  3.0

Action                   |  1- 3 |  4- 6 |  7- 9 || total
-------------------------+-------+-------+-------++-------
Melee: Spear             |    80 |   191 |   265 ||   536
       Constrict         |    14 |    38 |    50 ||   102
       Tentacles         |    11 |    28 |    55 ||    94
       Lajatang          |       |     9 |    10 ||    19
 Fire: Longbow           |       |       |     1 ||     1
Throw: Stone             |       |     3 |       ||     3
 Cast: Dazzling Spray    |       |       |    13 ||    13
       Confuse           |       |       |     2 ||     2
  Use: Scroll            |       |     2 |    10 ||    12
       Potion            |       |     2 |       ||     2
 Stab: Sleeping          |    14 |    21 |    20 ||    55
       Paralysed         |     1 |     1 |     3 ||     5
       Petrifying        |       |     1 |       ||     1
       Distracted        |       |     1 |     2 ||     3
       Invisible         |       |       |     4 ||     4
       Confused          |       |       |     2 ||     2
  Eat: Chunk             |     2 |     9 |    12 ||    23
Armor: Skin              |     3 |     3 |    11 ||    17
Dodge: Dodged            |    18 |    78 |   178 ||   274
